 Dungeon Crawl Stone Soup version 0.28.0-53-g5a82cb258f (webtiles) character file.

Game seed: 13126750457233388873

95 DemonSlayer the Firebug (level 4, -2/30 HPs)
             Began as a Demonspawn Fire Elementalist on July 21, 2022.
             Was an Initiate of Cheibriados.
             Slain by Robin
             ... wielding a +0 spear
              (4 damage)
             ... on level 3 of the Dungeon.
             The game lasted 00:09:00 (3024 turns).

DemonSlayer the Firebug (DsFE)                      Turns: 3024, Time: 00:09:00

Health: -2/30      AC:  2    Str:  9    XL:     4   Next: 40%
Magic:  2/8        EV: 12    Int: 19    God:    Cheibriados [......]
Gold:   87         SH:  4    Dex: 15    Spells: 5/8 levels left

rFire   . . .      SeeInvis .   d - +0 dagger
rCold   . . .      Faith    .   (no shield)
rNeg    . . .      Spirit   .   a - +0 robe
rPois   .          Reflect  .   (no helmet)
rElec   .          Harm     .   (no cloak)
rCorr   .          Rampage  .   (no gloves)
Will    .....                   (no boots)
Stlth   ++........              (no amulet)
HPRegen 0.10/turn               (no ring)
MPRegen 0.11/turn               (no ring)

@: very slow
A: foul stench 1, condensation shield
a: Renounce Religion


You were on level 3 of the Dungeon.
You worshipped Cheibriados.
Cheibriados was noncommittal.
You visited 2 branches of the dungeon, and saw 5 of its levels.

You collected 87 gold pieces.

Inventory:

Hand Weapons
 d - a +0 dagger (weapon)
Missiles
 e - 28 sling bullets
Armour
 a - a +0 robe (worn)
Jewellery
 k - an amulet of faith
Wands
 i - a wand of flame (9)
Scrolls
 b - a scroll of blinking {unknown}
 c - 2 scrolls of identify {unknown}
 g - 2 scrolls of immolation {unknown}
Potions
 h - a potion of ambrosia {unknown}
 j - a potion of curing {unknown}


   Skills:
 + Level 0.2 Short Blades
 + Level 2.1 Dodging
 + Level 2.3 Stealth
 + Level 0.1 Shields
 + Level 2.8 Spellcasting
 + Level 1.6 Conjurations
 + Level 3.4 Fire Magic
 + Level 0.2 Evocations


You had 5 spell levels left.
You knew the following spells:

 Your Spells              Type           Power      Damage    Failure   Level
a - Foxfire               Conj/Fire      48%        2x1d6     5%          1
b - Scorch                Fire           30%        2d6       6%          2

Your spell library contained the following spells:

 Spells                   Type           Power      Damage    Failure   Level
 Conjure Flame            Conj/Fire      12%        6-21      16%         3
 Inner Flame              Hex/Fire       9%         N/A       22%         3
 Flame Wave               Conj/Fire      12%        2d6       47%         4


Dungeon Overview and Level Annotations

Branches:
Dungeon (4/15)             Temple (1/1) D:4

Altars:
Cheibriados
Hepliaklqana
Uskayaw
Wu Jian

Annotations:
D:2 Terence
D:3 Robin


Innate Abilities, Weirdness & Mutations

You may rarely emit foul miasma when damaged in melee.
A meltable shield of frost defends you. (SH +4)


Message History

Unknown command.
The puff of flame hits the hobgoblin.
The hobgoblin is heavily wounded.
Robin misses you. The hobgoblin completely misses you.
The goblin closely misses you.
The puff of flame hits the hobgoblin!
You kill the hobgoblin!
Cheibriados thoroughly appreciates the change of pace.
Robin hits you from afar with a +0 spear.
The goblin hits you with a +0 club. You block Robin's attack.
You see here a +0 dagger.
Flames lash the goblin.
You kill the goblin!
Cheibriados appreciates the change of pace.
Robin hits you but does no damage.
You don't have enough magic to cast this spell.
You don't have enough magic to cast this spell.
You hit Robin but do no damage. Robin barely misses you.
You hit Robin but do no damage. Robin hits you with a +0 spear.
You barely miss Robin. Robin hits you with a +0 spear.
You hit Robin but do no damage. Robin hits you but does no damage.
You closely miss Robin. Robin hits you with a +0 spear.
You closely miss Robin. Robin barely misses you.
You barely miss Robin. Robin barely misses you.
You barely miss Robin. You block Robin's attack.
You barely miss Robin. Robin hits you with a +0 spear.
* * * LOW HITPOINT WARNING * * *
You hit Robin.
Robin is lightly wounded.
Robin's bangles clink loudly.
Robin hits you with a +0 spear.
* * * LOW HITPOINT WARNING * * *
You hit Robin.
Robin is lightly wounded.
Robin hits you with a +0 spear.
* * * LOW HITPOINT WARNING * * *
It was a potion of cancellation.
You feel magically purged. Robin hits you with a +0 spear.
You die...

....... #......(....
.......###....(รท.....
.......>..)..........
........##)..).......
......#..#>)<........
......##.#........##.
..... .##....####
##... .####.g.## ##.
.. ##@..# #. ## #)#.#
#...# ###.# ##


You could see Robin.

Vanquished Creatures
  Jessica (D:2)
  An adder (D:3)
  A dart slug (D:1)
  3 endoplasms
  2 giant cockroaches (D:2)
  15 goblins
  7 hobgoblins
  2 jackals (D:2)
  3 kobolds
  2 quokkas
  5 ball pythons
  3 bats (D:1)
  4 rats
49 creatures vanquished.

Vanquished Creatures (others)
  124 foxfires
124 creatures vanquished.

Grand Total: 173 creatures vanquished

Notes
Turn   | Place    | Note
-------+----------+-------------------------------------------
     0 | D:1      | DemonSlayer the Demonspawn Fire Elementalist began the
                  | quest for the Orb.
     0 | D:1      | Reached XP level 1. HP: 13/13 MP: 3/3
   424 | D:1      | Reached skill level 3 in Fire Magic
   483 | D:1      | Gained mutation: A meltable shield of frost defends you.
                  | (SH +4) [demonic ancestry]
   483 | D:1      | Reached XP level 2. HP: 19/19 MP: 3/5
   518 | D:1      | Learned a level 2 spell: Scorch
  1194 | D:1      | Found a faded altar of an unknown god.
  1748 | D:2      | Noticed Jessica
  1752 | D:2      | Killed Jessica
  1753 | D:2      | Reached XP level 3. HP: 24/24 MP: 3/6
  2612 | D:2      | Noticed Terence
  2791 | D:3      | Gained mutation: You may rarely emit foul miasma when
                  | damaged in melee. [demonic ancestry]
  2791 | D:3      | Reached XP level 4. HP: 24/30 MP: 3/8
  2923 | D:4      | Found a staircase to the Ecumenical Temple.
  2932 | Temple   | Entered the Ecumenical Temple
  2964 | Temple   | Became a worshipper of Cheibriados the Contemplative
  2991 | D:4      | Identified the +1 ring mail of Jimmepno {Harm rPois Int-5
                  | Slay+5}
  2998 | D:3      | Noticed Robin
  3024 | D:3      | Slain by Robin

Illustrated notes

Levels and vault maps discovered:
D:1:      psy_arrival_statuary, layout_basic,
          hellmonk_ecumenical_altar_leap_of_faith
D:2:      layout_loops_ring, grunt_ministairs_3, uniq_terence, uniq_jessica
D:3:      layout_rooms, nicolae_concentric_dashed_squares_wild, uniq_robin
D:4:      layout_loops_cross, minmay_temple_entry_offerings, uniq_ijyb
Temple:   mainiacjoe_temple_hex_bubbles

Skill      XL: |  1  2  3 |
---------------+----------+-----
Fire Magic     | 3 |  3.4
Dodging        | 2 |  2.1
Stealth        | 2 |  2.3
Short Blades   | |  0.2
Shields        | |  0.1
Spellcasting   | |  2.8
Conjurations   | |  1.6
Evocations     | |  0.2

Action                   |  1- 3 |  4- 6 || total
-------------------------+-------+-------++-------
Melee: Unarmed           |     5 |       ||     5
       Dagger            |    45 |    13 ||    58
       Punch             |     1 |       ||     1
 Cast: Foxfire           |    69 |    11 ||    80
       Scorch            |    12 |     2 ||    14
Evoke: Wand              |     5 |     5 ||    10
  Use: Potion            |       |     1 ||     1
 Stab: Sleeping          |     2 |       ||     2
       Distracted        |     1 |       ||     1
Armor: Robe              |    17 |     4 ||    21
Dodge: Dodged            |    36 |    18 ||    54
Block: Other             |     8 |     8 ||    16
